 Dungeon Crawl Stone Soup version 0.27-a0-1217-g8a41f320e8 (webtiles) character file.

Game seed: 7772530033290397009

11 Bnni the Skirmisher (level 2, -1/24 HPs)
             Began as a Demonspawn Fighter on June 6, 2021.
             Slain by a hobgoblin (4 damage)
             ... on level 1 of the Dungeon.
             The game lasted 00:00:27 (82 turns).

Bnni the Skirmisher (Demonspawn Fighter)              Turns: 82, Time: 00:00:28

Health: -1/24      AC:  6    Str: 16    XL:     2   Next: 17%
Magic:  2/2        EV:  9    Int:  9    God:
Gold:   0          SH:  0    Dex: 12    Spells: 1/1 levels left

rFire    . . .     SeeInvis .   a - +0 long sword
rCold    . . .     Faith    .   (no shield)
rNeg     . . .     Spirit   .   b - +0 scale mail
rPois    .         Reflect  .   (no helmet)
rElec    .         Harm     .   (no cloak)
rCorr    .         Rampage  .   (no gloves)
Will     .....                  (no boots)
Stlth    ..........             (no amulet)
HPRegen  0.08/turn              (no ring)
MPRegen  0.08/turn              (no ring)

@: no status effects
A: hooves 1
a: no special abilities


You were on level 1 of the Dungeon.
You visited 1 branch of the dungeon, and saw 1 of its levels.

Inventory:

Hand Weapons
 a - a +0 long sword (weapon)
Armour
 b - a +0 scale mail (worn)
 c - a +0 kite shield
Jewellery
 e - an amulet of faith
Potions
 d - a potion of might


   Skills:
 + Level 3.2 Fighting
 * Level 2.3 Long Blades
 - Level 2.6 Armour
 - Level 2.6 Shields


You had one spell level left.
You didn't know any spells.
Your spell library was empty.

Dungeon Overview and Level Annotations

Branches:
Dungeon (1/15)

Altars:


Innate Abilities, Weirdness & Mutations

You have large cloven feet.


Message History

You hit the goblin but do no damage. The goblin closely misses you.
You riposte.
You hit the goblin.
You kill the goblin!
You have reached level 2!
You feel monstrous as your demonic heritage exerts itself.
Your demonic ancestry asserts itself...
Your feet thicken and deform.
You hit the ball python. You kick the ball python.
You kill the ball python!
The frilled lizard unfolds its giant frill.
You closely miss the kobold. Your kick misses the kobold.
The kobold hits you with a +0 dagger.
* * * LOW HITPOINT WARNING * * *
The kobold barely misses you.
You riposte.
You closely miss the kobold. Your kick misses the kobold. You miss the kobold.
The kobold hits you but does no damage.
You closely miss the kobold. Your kick misses the kobold.
The kobold barely misses you.
You barely miss the kobold. You kick the kobold, but do no damage.
The kobold hits you with a +0 dagger.
* * * LOW HITPOINT WARNING * * *
The kobold hits you but does no damage.
You closely miss the kobold. The kobold hits you but does no damage.
You barely miss the kobold. Your kick misses the kobold.
The kobold hits you but does no damage.
You completely miss the kobold. Your kick misses the kobold.
The kobold closely misses you.
You riposte.
You hit the kobold.
The kobold is severely wounded.
You hit the kobold.
You kill the kobold!
The frilled lizard bites you but does no damage.
You barely miss the frilled lizard. You kick the frilled lizard.
The frilled lizard is heavily wounded.
The frilled lizard closely misses you.
You closely miss the frilled lizard. You kick the frilled lizard.
You kill the frilled lizard!
You barely miss the hobgoblin. You kick the hobgoblin.
The hobgoblin is lightly wounded.
The hobgoblin hits you.
You die...

'#..###.####..#
⌠##..#.......# #.#
<⌠+......##### #.#
⌠##...#### #.#
+#..#....# #.#
#....##.# #.#
##..###.## #.+######
##) #..# #...(....
..# ##.## #@# ..#..
### #..## ##g##.....
##..###.........
##......#.#....
..........##†#.# ...
.........###.#.# (..
.........###)#.#.....
.........##).).......
####..##............?


You could see a hobgoblin.

Vanquished Creatures
  2 ball pythons (D:1)
  3 goblins (D:1)
  A hobgoblin (D:1)
  A bat (D:1)
  A frilled lizard (D:1)
  2 kobolds (D:1)
10 creatures vanquished.

Notes
Turn   | Place    | Note
-------+----------+-------------------------------------------
     0 | D:1      | Bnni the Demonspawn Fighter began the quest for the Orb.
     0 | D:1      | Reached XP level 1. HP: 18/18 MP: 1/1
    71 | D:1      | Gained mutation: You have large cloven feet. [demonic
                  | ancestry]
    71 | D:1      | Reached XP level 2. HP: 4/24 MP: 2/2
    82 | D:1      | Slain by a hobgoblin

Illustrated notes

Levels and vault maps discovered:
D:1:      grunt_arrival_crossed_arrows, layout_rooms, serial_shops, shop,
          st_stairs_7, ebering_dispersal_statue_hall, minmay_3d_cube

Skill      XL: |  1 |
---------------+----+-----
Long Blades    | 2 |  2.3
Fighting       | |  3.2
Armour         | |  2.6
Shields        | |  2.6

Action                   || total
-------------------------++-------
Melee: Long sword        ||    25
       Kick              ||     5
Armor: Scale mail        ||    21
Dodge: Dodged            ||    21
       Rpst.: Long sword ||    11

Table legend: (Time is in decaauts)
 A = Elapsed time spent in this place.
 B = Non-inter-level travel time spent in this place.
 C = Inter-level travel time spent in this place.
 D = Time resting spent in this place.
 E = Time spent auto-exploring this place.
 F = Levels seen in this place.
 G = Mean time per level.
                   A        B        C        D        E       F      G
               +--------+--------+--------+--------+--------+-----+--------+
         Total |     89 |     89 |      0 |      0 |     40 |   1 |   89.0 |
       Dungeon |     89 |     89 |      0 |      0 |     40 |   1 |   89.0 |
               +--------+--------+--------+--------+--------+-----+--------+

Top non-repeatable levels by time:
     D:1: 89 daAuts
